 Dungeon Crawl Stone Soup version 0.24.0-13-gcf9b319 (webtiles) character file.

Game seed: 837015497351787863, levelgen mode: deterministic

5604 Fang the Fighter (level 10, -4/66 HPs)
             Began as a Gargoyle Berserker on Dec 2, 2019.
             Was a High Priest of Trog.
             Killed from afar by a manticore (15 damage)
             ... with a volley of spikes
             ... on level 10 of the Dungeon.
             The game lasted 00:11:03 (8390 turns).

Fang the Fighter (Gargoyle Berserker)               Turns: 8390, Time: 00:11:04

Health: -4/66      AC: 27    Str: 25    XL:     10   Next: 73%
Magic:  10/10      EV: 10    Int:  7    God:    Trog [*****.]
Gold:   520        SH:  0    Dex:  9    Spells: 9/9 levels left

rFire    + . .     SeeInvis .   C - +3 broad axe (chop)
rCold    . . .     Gourm    .   (no shield)
rNeg     + . .     Faith    .   b - +1 plate armour
rPois    ∞         Spirit   .   (no helmet)
rElec    +         Reflect  .   (no cloak)
rCorr    .         Harm     .   (no gloves)
MR       ++...                  (no boots)
Stlth    ..........             (no amulet)
HPRegen  1.21/turn              j - +5 ring of protection
MPRegen  0.12/turn              A - ring of protection from fire

@: barbed spikes, regenerating
A: negative energy resistance 1, electricity resistance, unbreathing,
petrification resistance, rot immunity, AC +7
a: Berserk, Trog's Hand, Brothers in Arms, Renounce Religion


You were on level 10 of the Dungeon.
You worshipped Trog.
Trog was extremely pleased with you.
You were hungry.

You visited 2 branches of the dungeon, and saw 11 of its levels.
You also visited: Sewer.

You collected 520 gold pieces.

Inventory:

Hand Weapons
 a - a +2 war axe of flaming
 C - a +3 broad axe of chopping (weapon)
Armour
 b - a +1 plate armour (worn)
Jewellery
 j - a +5 ring of protection (left hand)
 A - a ring of protection from fire (right hand)
Wands
 u - a wand of random effects (30)
 w - a wand of flame (66)
 G - a wand of iceblast (15)
Scrolls
 d - 3 scrolls of identify
 g - a scroll of random uselessness {unknown}
 i - 4 scrolls of remove curse
 s - 4 scrolls of teleportation
Potions
 e - a potion of invisibility
 f - 6 potions of curing
 h - 4 potions of berserk rage
 k - 2 potions of magic
 m - a potion of haste
 o - 2 potions of flight
 r - 4 potions of mutation
 t - 3 potions of brilliance {unknown}
 v - a potion of lignification {unknown}
 x - a potion of resistance {unknown}
 z - 5 potions of heal wounds {unknown}
Comestibles
 c - 22 rations


   Skills:
 + Level 9.3 Fighting
 + Level 7.8 Axes
 + Level 8.8 Armour
 + Level 6.7 Dodging


You had 9 spell levels left.
You didn't know any spells.
Your spell library was empty.

Dungeon Overview and Level Annotations

Branches:
Dungeon (10/15)            Temple (1/1) D:5           Sewer (visited)
   Lair: D:8-11         Orc: D:9-12

Altars:
Cheibriados
Dithmenos
Okawaru
Qazlal
Ru
Xom
The Shining One

Shops:
D:4 :   D:6 ?


Innate Abilities, Weirdness & Mutations

You are resistant to torment.
Your stone body is resilient. (AC +7)
You are immune to poison.
You resist negative energy. (rN+)
You are resistant to electric shocks. (rElec)
You can survive without breathing.
You are immune to petrification.
You are immune to rotting.


Message History

The barbs in your skin will harm you if you move.
Continue?
The barbed spikes dig painfully into your body as you move.
* * * LOW HITPOINT WARNING * * *
The manticore flicks its tail.
The volley of spikes misses you.
You feel better.
The manticore flicks its tail.
The volley of spikes hits you.
The barbed spikes become lodged in your body.
* * * LOW HITPOINT WARNING * * *
The barbed spikes dig painfully into your body as you move.
* * * LOW HITPOINT WARNING * * *
The barbed spikes dig painfully into your body as you move.
* * * LOW HITPOINT WARNING * * *
There is a stone staircase leading up here.
The gargoyle hits you but does no damage.
The manticore flicks its tail.
The volley of spikes hits you!
The barbed spikes become lodged in your body.
You die...

.....# ###### ...
..####..#.## ....
..........# .....
.........###
.....##.##........
........#.........
..............(...
.....!.@9........#
.................#
..................
.......!....H.....
..................
.................#
.................#
.............#...#


You could see a manticore and a gargoyle.

Vanquished Creatures
  2 two-headed ogres
  A hippogriff (D:9)
  2 water moccasins
  An orc warrior (D:8)
  2 phantoms (D:5)
  2 sky beasts
  A black bear (D:7)
  5 ogres
  6 big kobolds
  7 bullfrogs
  A scorpion (D:4)
  4 howler monkeys
  2 crimson imps
  2 centaur zombies (D:5)
  A quasit (D:9)
  5 orc priests
  2 hounds
  5 jellies
  An orc wizard (D:5)
  An iron imp (D:5)
  Natasha (thrice) (D:3)
  6 worker ants
  4 iguanas
  2 hound zombies (D:9)
  Robin (D:4)
  4 gnolls (D:7)
  A howler monkey skeleton (D:9)
  14 adders
  A river rat (D:6)
  A shadow imp (D:6)
  7 oozes
  An adder skeleton (D:8)
  13 worms
  A dart slug (D:2)
  7 leopard geckos
  40 orcs
  6 giant cockroaches
  16 goblins
  10 hobgoblins
  25 jackals
  3 quokkas
  7 ball pythons
  5 bats
  3 frilled lizards
  A goblin skeleton (D:5)
  A goblin zombie (D:5)
  3 hobgoblin zombies (D:5)
  33 kobolds
  A kobold zombie (D:5)
  2 orc skeletons (D:5)
  15 rats
290 creatures vanquished.

Vanquished Creatures (collateral kills)
  The ghost of wahemi82 the Cleaver, a novice MiFi (D:7)
  An orc (D:7)
2 creatures vanquished.

Grand Total: 292 creatures vanquished

Notes
Turn   | Place    | Note
-------+----------+-------------------------------------------
     0 | D:1      | Fang the Gargoyle Berserker began the quest for the Orb.
     0 | D:1      | Reached XP level 1. HP: 14/14 MP: 1/1
    88 | D:1      | Reached XP level 2. HP: 13/19 MP: 2/2
   280 | D:1      | Reached ** piety under Trog
   551 | D:1      | Reached XP level 3. HP: 20/23 MP: 3/3
  1115 | D:2      | Reached XP level 4. HP: 26/29 MP: 4/4
  1486 | D:2      | Reached skill level 4 in Fighting
  1771 | D:2      | Found a faded altar of an unknown god.
  1823 | D:3      | Reached XP level 5. HP: 33/33 MP: 5/5
  2247 | D:3      | Noticed Natasha
  2255 | D:3      | Killed Natasha
  2341 | D:3      | Noticed Natasha
  2350 | D:3      | Killed Natasha
  2350 | D:3      | Reached *** piety under Trog
  2492 | D:3      | Noticed Natasha
  2512 | D:3      | Killed Natasha
  2512 | D:3      | Reached XP level 6. HP: 25/39 MP: 6/6
  2827 | D:4      | Noticed Robin
  2838 | D:4      | Killed Robin
  3041 | D:4      | Reached skill level 5 in Fighting
  3214 | D:4      | Found Kuit's Book Boutique.
  3449 | D:4      | Reached XP level 7. HP: 44/44 MP: 7/7
  3669 | D:5      | Entered Level 5 of the Dungeon
  3723 | D:5      | Found a glowing golden altar of the Shining One.
  3727 | D:5      | Reached **** piety under Trog
  3820 | D:5      | Reached skill level 5 in Armour
  3926 | D:5      | Reached XP level 8. HP: 33/51 MP: 8/8
  4126 | D:5      | Reached skill level 5 in Axes
  4154 | D:5      | Reached skill level 6 in Fighting
  4376 | D:5      | Found a staircase to the Ecumenical Temple.
  4404 | Temple   | Entered the Ecumenical Temple
  5047 | D:6      | Found Limmuet's Magic Scroll Shoppe.
  5073 | D:6      | Found a stormy altar of Qazlal.
  5240 | D:6      | Found a glowing drain.
  5265 | Sewer    | Entered a sewer
  5633 | Sewer    | Reached skill level 7 in Fighting
  5633 | Sewer    | Reached XP level 9. HP: 57/57 MP: 9/9
  5957 | D:6      | Reached skill level 5 in Dodging
  6267 | D:7      | Found a runed translucent door.
  6267 | D:7      | Noticed wahemi82's ghost (novice MiFi)
  6331 | D:7      | Killed wahemi82's ghost
  6990 | D:7      | Found a sacrificial altar of Ru.
  6992 | D:7      | Found a glowing silver altar of Zin.
  6992 | D:7      | Found a snail-covered altar of Cheibriados.
  7004 | D:7      | Found a shimmering altar of Xom.
  7004 | D:7      | Found an iron altar of Okawaru.
  7004 | D:7      | Found a shadowy altar of Dithmenos.
  7082 | D:8      | Reached ***** piety under Trog
  7106 | D:8      | Reached skill level 8 in Fighting
  7342 | D:8      | Received a gift from Trog
  7413 | D:8      | Reached XP level 10. HP: 60/64 MP: 10/10
  7429 | D:8      | Noticed a two-headed ogre
  7438 | D:8      | Killed a two-headed ogre
  7869 | D:9      | Reached skill level 9 in Fighting
  7903 | D:9      | Noticed a two-headed ogre
  7915 | D:9      | Killed a two-headed ogre
  8378 | D:10     | Entered Level 10 of the Dungeon
  8378 | D:10     | Noticed a gargoyle
  8380 | D:10     | Noticed a manticore
  8390 | D:10     | Killed from afar by a manticore

Levels and vault maps discovered:
D:1:      lemuel_arrival_muddy, layout_basic, minmay_pentomino_r4
D:2:      layout_basic, chequers_ecumenical_altar_twisty, minmay_hedge_maze
D:3:      layout_basic, uniq_natasha
D:4:      layout_loops_corners, serial_shops, shop,
          eino_small_chamber_without_monster, grunt_ministairs_1, uniq_robin
D:5:      layout_cave_pods, nicolae_tso_besieged_by_evil,
          minmay_temple_entry_overgrown, first_ration, minmay_holes
D:6:      layout_basic, gup_sewer_entry_bubbles, serial_shops, shop,
          nicolae_qazlal_general_emergency
D:7:      layout_loops_ring, gammafunk_ghost_grave, doesnt_xom_only_xom
D:8:      layout_gridville, hangedman_little_slice_of_home
D:9:      layout_basic, serial_glass, glass_columns_c, glass_columns_a,
          minivault_16
D:10:     layout_cave_pools, gammafunk_ghost_spectres
Temple:   roderic_octagonal_lattice_temple

Skill      XL: |  1  2  3  4  5  6  7  8  9 10 |
---------------+-------------------------------+-----
Axes           | 3 4 5 6 7 |  7.8
Dodging        | 2 3 4 5 6 |  6.7
Armour         | 3 4 5 6 7 8 |  8.8
Fighting       | 4 5 7 8 9 |  9.3

Action                   |  1- 3 |  4- 6 |  7- 9 | 10-12 || total
-------------------------+-------+-------+-------+-------++-------
Melee: Hand axe          |   193 |    89 |       |       ||   282
       War axe           |       |   149 |   572 |       ||   721
       Broad axe         |       |       |    13 |   115 ||   128
Invok: Berserk           |       |     2 |     4 |     2 ||     8
       Trog's Hand       |       |       |     2 |     1 ||     3
       Brothers in Arms  |       |       |     1 |       ||     1
  Use: Potion            |       |       |     2 |     1 ||     3
       Scroll            |       |       |       |    17 ||    17
  Eat: Chunk             |     1 |    10 |    16 |     5 ||    32
       Ration            |       |       |     1 |       ||     1
Armor: Animal skin       |    54 |    43 |       |       ||    97
       Chain mail        |       |   117 |   130 |       ||   247
       Plate armour      |       |       |   320 |   118 ||   438
Dodge: Dodged            |   105 |   155 |   354 |    76 ||   690
